 Dungeon Sprint DCSS version 0.29-a0-643-ga013cefcf8 (webtiles) character file.

Game seed: 16536011713838068357

2800000 greenreed the Axe Maniac (level 21, -39/187 HPs)
             Began as a Djinni Necromancer on June 19, 2022.
             Was the Champion of Makhleb.
             Annihilated by a large bag of meat
             ... wielding a +9 giant spiked club
              (63 damage)
             ... in the Dungeon (Sprint VIII: "Arena of Blood").
             The game lasted 00:02:03 (28 turns).

greenreed the Axe Maniac (Djinni Necromancer)         Turns: 28, Time: 00:02:04

Health: -39/187    AC:  3    Str: 15    XL:     21   Next: 50%
Gold:   0          EV: 29    Int: 17    God:    Makhleb [******] SH:  0 Dex: 17

rFire   + + .      SeeInvis .   g - +∞ Axe of Woe
rCold   x . .      Faith    .   (shield currently unavailable)
rNeg    . . .      Spirit   .   a - +0 robe
rPois   ∞          Reflect  .   (no helmet)
rElec   .          Harm     .   (no cloak)
rCorr   .          Rampage  .   (no gloves)
Will    ++...      NoTele   +   (boots unavailable)
Stlth   ++++++++++              (no amulet)
HPRegen 0.41/turn               (no ring)
MPRegen 0.00/turn               (no ring)

@: flying
A: sickness immunity, fire resistance 2, cold vulnerability 1, float, innate
caster, HP casting, extra vitality 1
a: Renounce Religion, Minor Destruction, Lesser Servant of Makhleb, Major
Destruction, Greater Servant of Makhleb


You were in the Dungeon.
You worshipped Makhleb.
Makhleb was exalted by your worship.
You visited 1 branch

Inventory:

Hand Weapons
 g - the +∞ Axe of Woe (weapon)
   (You found it in the Dungeon)
Armour
 a - a +0 robe (worn)
Scrolls
 f - a scroll of blinking
Potions
 b - a potion of curing
 c - a potion of heal wounds
 d - a potion of haste
 e - a potion of berserk rage


   Skills:
 O Level 27 Fighting
 + Level 13.1(15.3) Short Blades
 + Level 13.1(15.3) Long Blades
 O Level 27 Axes
 + Level 11.3(21.7) Maces & Flails
 + Level 11.3(21.7) Polearms
 + Level 12.3(16.2) Staves
 + Level 11.3(13.3) Slings
 + Level 11.3 Bows
 + Level 11.3 Crossbows
 + Level 11.3(13.3) Throwing
 + Level 13.3 Armour
 O Level 27 Dodging
 O Level 27 Stealth
 + Level 13.3 Shields
 + Level 13.3 Unarmed Combat
 + Level 3.2 Spellcasting
 + Level 13.3 Invocations
 + Level 13.3 Evocations


You couldn't memorise any spells.
You knew the following spells:

 Your Spells              Type           Power      Damage    Failure   Level
a - Necrotize             Necr           52%        1d6       4%          1
b - Vampiric Draining     Necr           13%        2d6       13%         3
c - Animate Dead          Necr           13%        N/A       41%         4
d - Agony                 Necr           13%        N/A       77%         5
e - Summon Small Mammal   Summ           52%        N/A       4%          1
f - Poisonous Vapours     Pois/Air       26%        N/A       7%          2
g - Summon Guardian Gole  Hex/Summ       13%        N/A       13%         3
h - Hailstorm             Conj/Ice       13%        3d5       41%         4
i - Fulminant Prism       Conj/Hex       6%         3d7       41%         4
j - Fireball              Conj/Fire      6%         3d5       77%         5
k - Dispersal             Tloc           6%         N/A       100%        6
l - Summon Cactus Giant   Summ           6%         N/A       100%        6
m - Death Channel         Necr           6%         N/A       100%        6
n - Necromutation         Tmut/Necr      6%         N/A       100%        8
Your spell library was empty.


Dungeon Overview and Level Annotations

Branches:
Dungeon (1/1)

Altars:
Makhleb

Annotations:
D The Servant


Innate Abilities, Weirdness & Mutations

You are immune to sickness and miasma.
You are immune to poison.
Your flesh is very heat resistant. (rF++)
You are vulnerable to cold. (rC-)
You float through the air rather than walking.
You learn spells naturally, not from books.
Your magical power is your life essence.
You have superior vitality. (+4 MHP)


Message History

Your base Throwing skill increases to level 11!
Your Armour skill increases to level 13!
Your Shields skill increases to level 13!
Your Unarmed Combat skill increases to level 13!
Your Invocations skill increases to level 13!
Your Evocations skill increases to level 13!
You slash the bag of meat!
You fatally mangle the bag of meat.
You kill the bag of meat!
Makhleb accepts your kill.
You are engulfed in blazing flames.
You resist.
You hear a shout! x2
A bag of meat comes into view. It is wielding a +9 war axe.
You hear a shout! x4
The meat berserker rages.
You hear a shout! x4
Your base Short Blades skill increases to level 13!
Your base Long Blades skill increases to level 13!
Unknown command.
Cast which spell? (? or * to list)
Okay, then.
Unknown command.
Press: ? - help, v - describe, . - travel
Here: a large bag of meat, wielding a +9 giant spiked club and wearing a +100 ring of slaying (flame, inner flame)
The floor.
The bag of meat attacks as you move away!
The bag of meat hits you with a +9 war axe!!
A large bag of meat and 2 bags of meat come into view.
The eight-headed meat hydra appears out of thin air!
An eight-headed meat hydra comes into view.
The Servant appears out of thin air!
The Servant comes into view.
He is wielding a +9 glaive of flaming.
The bag of meat shouts!
The Servant shouts!
You hear a shout! x6
The bag of meat is engulfed in blazing flames.
The bag of meat hits you with a +9 war axe!!
The bag of meat is engulfed in blazing flames.
The large bag of meat hits you with a +9 giant spiked club!!!!
Ouch! That really hurt!
* * * LOW HITPOINT WARNING * * *
The large bag of meat hits you with a +9 giant spiked club!!!
You die...

..# ## ###.. .@...
. ..o..
#o....##.##......
.........o.......
.....o..#.#......
........o.......#
...D..ooO§o......
.....o.Oo@O......
......)o§§o......
.......)o).......
...#...))))#.....
#.O.....#.....
.###o...)).###...
......###.........
......._.)).......
....#.....#.......


You could see The Servant, an eight-headed meat hydra (wandering), 3 large bags
of meat, a meat berserker (berserk) and 13 bags of meat.

Vanquished Creatures
  11 ogres (D)
  A two-headed ogre (D)
  23 orcs (D)
35 creatures vanquished.

Notes
Turn   | Place    | Note
-------+----------+-------------------------------------------
     0 | D        | Found the +∞ Axe of Woe
     0 | D        | greenreed the Djinni Necromancer began the quest for the
                  | Orb.
     0 | D        | greenreed set off with the following spells memorised:
                  | Necrotize, Vampiric Draining, Animate Dead, Agony.
     0 | D        | Reached XP level 1. HP: 15/15 MP: 0/0
     2 | D        | Noticed a bag of meat
     4 | D        | Became a worshipper of Makhleb the Destroyer
     4 | D        | Noticed a bag of meat
     5 | D        | Noticed a meat berserker
     5 | D        | Noticed a meat berserker
     6 | D        | Noticed a bag of meat
     6 | D        | Noticed a bag of meat
     6 | D        | Noticed a bag of meat
     7 | D        | Noticed a bag of meat
     8 | D        | Killed a bag of meat
     8 | D        | Noticed a meat berserker
     8 | D        | Noticed a bag of meat
     8 | D        | Noticed a bag of meat
     9 | D        | Reached skill level 10 in Dodging
     9 | D        | Reached XP level 2. HP: 25/25 MP: 0/0
     9 | D        | Reached XP level 3. HP: 30/30 MP: 0/0
     9 | D        | Learned a level 1 spell: Summon Small Mammal
     9 | D        | Reached XP level 4. HP: 35/35 MP: 0/0
     9 | D        | Reached XP level 5. HP: 40/40 MP: 0/0
     9 | D        | Learned a level 2 spell: Poisonous Vapours
     9 | D        | Reached XP level 6. HP: 46/46 MP: 0/0
     9 | D        | Reached XP level 7. HP: 50/50 MP: 0/0
     9 | D        | Learned a level 3 spell: Summon Guardian Golem
     9 | D        | Reached XP level 8. HP: 56/56 MP: 0/0
     9 | D        | Reached XP level 9. HP: 61/61 MP: 0/0
     9 | D        | Learned a level 4 spell: Hailstorm
     9 | D        | Reached XP level 10. HP: 67/67 MP: 0/0
     9 | D        | Reached XP level 11. HP: 71/71 MP: 0/0
     9 | D        | Learned a level 4 spell: Fulminant Prism
     9 | D        | Killed a meat berserker
     9 | D        | Reached * piety under Makhleb
     9 | D        | Noticed a bag of meat
    10 | D        | Reached skill level 5 in Fighting
    10 | D        | Reached skill level 10 in Stealth
    10 | D        | Reached XP level 12. HP: 82/82 MP: 0/0
    10 | D        | Reached XP level 13. HP: 87/87 MP: 0/0
    10 | D        | Learned a level 5 spell: Fireball
    10 | D        | Killed a bag of meat
    10 | D        | Killed a meat berserker
    11 | D        | Reached XP level 14. HP: 101/101 MP: 0/0
    11 | D        | Killed a bag of meat
    11 | D        | Reached ** piety under Makhleb
    12 | D        | Reached skill level 10 in Fighting
    12 | D        | Noticed a bag of meat
    13 | D        | Noticed a bag of meat
    13 | D        | Noticed a bag of meat
    13 | D        | Noticed a bag of meat
    13 | D        | Noticed a bag of meat
    13 | D        | Noticed a meat berserker
    13 | D        | Noticed a bag of meat
    13 | D        | Noticed a meat berserker
    14 | D        | Killed a bag of meat
    14 | D        | Killed a bag of meat
    14 | D        | Noticed a bag of meat
    15 | D        | Reached skill level 27 in Axes
    15 | D        | Reached XP level 15. HP: 113/113 MP: 0/0
    15 | D        | Learned a level 6 spell: Dispersal
    15 | D        | Killed a meat berserker
    15 | D        | Reached *** piety under Makhleb
    16 | D        | Reached XP level 16. HP: 130/130 MP: 0/0
    16 | D        | Noticed a meat berserker
    16 | D        | Noticed a meat berserker
    16 | D        | Noticed a meat berserker
    17 | D        | Noticed a meat berserker
    18 | D        | Noticed a large bag of meat
    18 | D        | Noticed a meat berserker
    19 | D        | Noticed a large bag of meat
    19 | D        | Killed a meat berserker
    19 | D        | Reached **** piety under Makhleb
    20 | D        | Killed a meat berserker
    20 | D        | Killed a meat berserker
    20 | D        | Noticed a meat berserker
    21 | D        | Reached skill level 27 in Dodging
    21 | D        | Reached XP level 17. HP: 157/157 MP: 0/0
    21 | D        | Learned a level 6 spell: Summon Cactus Giant
    21 | D        | Killed a meat berserker
    21 | D        | Reached ***** piety under Makhleb
    22 | D        | Reached skill level 27 in Fighting
    22 | D        | Reached XP level 18. HP: 167/167 MP: 0/0
    22 | D        | Noticed a large bag of meat
    23 | D        | Killed a meat berserker
    23 | D        | Reached ****** piety under Makhleb
    24 | D        | Reached skill level 27 in Stealth
    24 | D        | Reached XP level 19. HP: 174/174 MP: 0/0
    24 | D        | Learned a level 6 spell: Death Channel
    24 | D        | Killed a large bag of meat
    24 | D        | Killed a meat berserker
    24 | D        | Noticed a large bag of meat
    24 | D        | Noticed a meat berserker
    25 | D        | Reached skill level 10 in Short Blades
    25 | D        | Reached skill level 10 in Long Blades
    25 | D        | Reached skill level 10 in Armour
    25 | D        | Reached skill level 10 in Shields
    25 | D        | Reached skill level 10 in Unarmed Combat
    25 | D        | Reached skill level 10 in Invocations
    25 | D        | Reached skill level 10 in Evocations
    25 | D        | Reached XP level 20. HP: 172/181 MP: 0/0
    25 | D        | Killed a meat berserker
    26 | D        | Reached skill level 10 in Maces & Flails
    26 | D        | Reached skill level 10 in Polearms
    26 | D        | Reached skill level 10 in Slings
    26 | D        | Reached skill level 10 in Bows
    26 | D        | Reached skill level 10 in Crossbows
    26 | D        | Reached skill level 10 in Throwing
    26 | D        | Reached XP level 21. HP: 172/187 MP: 0/0
    26 | D        | Learned a level 8 spell: Necromutation
    26 | D        | Killed a meat berserker
    28 | D        | Noticed a large bag of meat
    28 | D        | Noticed The Servant
    28 | D        | Annihilated by a large bag of meat

Illustrated notes

Levels and vault maps discovered:
D:        meatsprint

Skill      XL: |  1  2  3  4  5  6  7  8  9 10 11 12 13 14 15 16 17 18 19 20 21 |
---------------+----------------------------------------------------------------+-----
Fighting       | 3 5 9 12 17 26 27 | 27.0
Axes           | 18 22 25 27 | 27.0
Dodging        | 10 13 16 18 21 27 | 27.0
Stealth        | 8 10 12 14 17 21 25 27 | 27.0
Short Blades   | 10 11 13 | 13.1
Long Blades    | 10 11 13 | 13.1
Maces & Flails | 9 10 11 | 11.3
Polearms       | 9 10 11 | 11.3
Staves         | 9 11 12 | 12.3
Slings         | 9 10 11 | 11.3
Bows           | 9 10 11 | 11.3
Crossbows      | 9 10 11 | 11.3
Throwing       | 9 10 11 | 11.3
Armour         | 10 12 13 | 13.3
Shields        | 10 12 13 | 13.3
Unarmed Combat | 10 12 13 | 13.3
Invocations    | 10 12 13 | 13.3
Evocations     | 10 12 13 | 13.3
Spellcasting   | |  3.2

Action                   |  1- 3 |  4- 6 |  7- 9 | 10-12 | 13-15 | 16-18 | 19-21 || total
-------------------------+-------+-------+-------+-------+-------+-------+-------++-------
Melee: Executioner's axe |     1 |       |       |     1 |     4 |     5 |     4 ||    15
Dodge: Dodged            |       |       |       |       |       |     1 |       ||     1

Table legend: (Time is in decaauts)
 A = Elapsed time spent in this place.
 B = Non-inter-level travel time spent in this place.
 C = Inter-level travel time spent in this place.
 D = Time resting spent in this place.
 E = Time spent auto-exploring this place.
 F = Levels seen in this place.
 G = Mean time per level.
                   A        B        C        D        E       F      G
               +--------+--------+--------+--------+--------+-----+--------+
         Total |     24 |     24 |      0 |      0 |      0 |   1 |   24.0 |
       Dungeon |     24 |     24 |      0 |      0 |      0 |   1 |   24.0 |
               +--------+--------+--------+--------+--------+-----+--------+

Top non-repeatable levels by time:
       D: 24 daAuts
